 Dungeon Crawl Stone Soup version 0.29-a0-925-g0a7a3d12f8 (webtiles) character file.

Game seed: 6179832996935972378

37 Sabo the Conjurer (level 3, -8/19 HPs)
             Began as a Deep Elf Conjurer on July 29, 2022.
             Mangled by a gnoll
             ... wielding a +1 flail of protection
              (9 damage)
             ... on level 1 of the Dungeon.
             The game lasted 00:06:07 (1572 turns).

Sabo the Conjurer (Deep Elf Conjurer)               Turns: 1572, Time: 00:06:10

Health: -8/19      AC:  2    Str:  4    XL:     3   Next: 23%
Magic:  3/9        EV: 12    Int: 30    God:
Gold:   21         SH:  0    Dex: 13    Spells: 7/8 levels left

rFire   . . .      SeeInvis .   d - +0 spear
rCold   . . .      Faith    .   (no shield)
rNeg    . . .      Spirit   .   a - +0 robe
rPois   .          Reflect  .   (no helmet)
rElec   .          Harm     .   (no cloak)
rCorr   .          Rampage  .   (no gloves)
Will    .....                   (no boots)
Stlth   ++........              (no amulet)
HPRegen 0.06/turn               i - +6 ring of intelligence
MPRegen 0.11/turn               (no ring)

@: no status effects
A: no striking features
a: no special abilities


You were on level 1 of the Dungeon.
You visited 1 branch of the dungeon, and saw 1 of its levels.

You collected 21 gold pieces.

Inventory:

Hand Weapons
 d - a +0 spear (weapon)
Armour
 a - a +0 robe (worn)
Jewellery
 i - a +6 ring of intelligence (left hand)
Scrolls
 c - a scroll of vulnerability {unknown}
 e - a scroll of teleportation {unknown}
 g - a scroll of magic mapping {unknown}
Potions
 b - a potion of magic
 f - 2 potions of cancellation {unknown}
 h - a potion of berserk rage {unknown}
 j - a potion of lignification {unknown}


   Skills:
 + Level 0.1 Fighting
 + Level 2.5 Dodging
 + Level 2.7 Stealth
 + Level 3.3 Spellcasting
 + Level 5.3 Conjurations


You had 7 spell levels left.
You knew the following spells:

 Your Spells              Type           Power      Damage    Failure   Level
a - Magic Dart            Conj           100%       1d8       1%          1

Your spell library contained the following spells:

 Spells                   Type           Power      Damage    Failure   Level
 Searing Ray              Conj           72%        2d7       1%          2
 Dazzling Flash           Conj/Hex       40%        N/A       7%          3
 Fulminant Prism          Conj/Hex       10%        3d9       24%         4
 Iskenderun's Mystic Bla  Conj/Tloc      20%        2d6       24%         4


Dungeon Overview and Level Annotations

Branches:
Dungeon (1/15)

Altars:


Message History

Press: ? - help, Shift-Dir - straight line, f/p - gnoll
Aim: a gnoll, wielding a +1 flail of protection (100% to hit)
The magic dart hits the gnoll.
The gnoll is lightly wounded.
The gnoll hits you with a +1 flail of protection!
* * * LOW HITPOINT WARNING * * *
Casting: Magic Dart (safe; 1% risk of failure)
Confirm with . or Enter, or press ? or * to list all spells.
Aiming: Magic Dart (safe; 1% risk of failure)
Press: ? - help, Shift-Dir - straight line, f/p - gnoll
Aim: a gnoll, wielding a +1 flail of protection (lightly wounded, 100% to hit)
The magic dart hits the gnoll.
The gnoll is moderately wounded.
The gnoll hits you with a +1 flail of protection.
* * * LOW HITPOINT WARNING * * *
Casting: Magic Dart (safe; 1% risk of failure)
Confirm with . or Enter, or press ? or * to list all spells.
Aiming: Magic Dart (safe; 1% risk of failure)
Press: ? - help, Shift-Dir - straight line, f/p - gnoll
Aim: a gnoll, wielding a +1 flail of protection (moderately wounded, 100% to hit)
The magic dart hits the gnoll.
The gnoll is heavily wounded.
The gnoll closely misses you.
Casting: Magic Dart (safe; 1% risk of failure)
Confirm with . or Enter, or press ? or * to list all spells.
Aiming: Magic Dart (safe; 1% risk of failure)
Press: ? - help, Shift-Dir - straight line, f/p - gnoll
Aim: a gnoll, wielding a +1 flail of protection (heavily wounded, 100% to hit)
The magic dart hits the gnoll but does no damage.
The gnoll is heavily wounded.
The gnoll misses you.
Casting: Magic Dart (safe; 1% risk of failure)
Confirm with . or Enter, or press ? or * to list all spells.
Aiming: Magic Dart (safe; 1% risk of failure)
Press: ? - help, Shift-Dir - straight line, f/p - gnoll
Aim: a gnoll, wielding a +1 flail of protection (heavily wounded, 100% to hit)
The magic dart hits the gnoll but does no damage.
The gnoll is heavily wounded.
The gnoll hits you with a +1 flail of protection!
You die...

#####†####### #..
#####.####... ..#
#####.#######
.### ##..#)#.###
.$ #......# .#
#.###### .# ###
#.# .#...# #.#
##########.....##
#.#
#......@g......[.
#)#
#.###############
#.#######.#
#..)......#
###########


You could see a gnoll.

Vanquished Creatures
  A gnoll (D:1)
  3 bats (D:1)
  An endoplasm (D:1)
  3 giant cockroaches (D:1)
  A hobgoblin (D:1)
  4 jackals (D:1)
  A quokka (D:1)
  3 ball pythons (D:1)
  A frilled lizard (D:1)
  2 goblins (D:1)
  3 kobolds (D:1)
  A rat (D:1)
24 creatures vanquished.

Notes
Turn   | Place    | Note
-------+----------+-------------------------------------------
     0 | D:1      | Sabo the Deep Elf Conjurer began the quest for the Orb.
     0 | D:1      | Reached XP level 1. HP: 10/10 MP: 6/6
    26 | D:1      | Reached XP level 2. HP: 15/15 MP: 4/8
   225 | D:1      | Reached skill level 5 in Conjurations
   892 | D:1      | Reached XP level 3. HP: 19/19 MP: 7/9
  1572 | D:1      | Mangled by a gnoll

Illustrated notes

Levels and vault maps discovered:
D:1:      mainiacjoe_arrival_reflecting_pool, layout_loops_ring,
          reono_crystal_passage

Skill      XL: |  1  2 |
---------------+-------+-----
Conjurations   | 5 |  5.3
Fighting       | |  0.1
Dodging        | |  2.5
Stealth        | |  2.7
Spellcasting   | |  3.3

Action                   || total
-------------------------++-------
Melee: Spear             ||    17
 Cast: Magic Dart        ||    44
Armor: Robe              ||     3
Dodge: Dodged            ||    18

Table legend: (Time is in decaauts)
 A = Elapsed time spent in this place.
 B = Non-inter-level travel time spent in this place.
 C = Inter-level travel time spent in this place.
 D = Time resting spent in this place.
 E = Time spent auto-exploring this place.
 F = Levels seen in this place.
 G = Mean time per level.
                   A        B        C        D        E       F      G
               +--------+--------+--------+--------+--------+-----+--------+
         Total |   1572 |   1572 |      0 |   1077 |      0 |   1 | 1572.0 |
       Dungeon |   1572 |   1572 |      0 |   1077 |      0 |   1 | 1572.0 |
               +--------+--------+--------+--------+--------+-----+--------+

Top non-repeatable levels by time:
     D:1: 1572 daAuts
